 Dungeon Crawl Stone Soup version 0.30-a0-1116-gebefce21f7 (webtiles) character file.

Game seed: 2710739668309826441

118773 jasper the Warrior (level 14, -13/113 (126) HPs)
             Began as a Mummy Cinder Acolyte on Apr 20, 2023.
             Was the Champion of Ru.
             Mangled by a pharaoh ant (22 damage)
             ... on level 1 of the Spider Nest on Apr 21, 2023.
             The game lasted 00:59:35 (32661 turns).

jasper the Warrior (Mummy Cinder Acolyte)          Turns: 32661, Time: 00:59:36

HP:   -13/113 (126) AC: 39    Str: 25    XL:     14   Next: 26%
MP:   11/16         EV:  5    Int: 14    God:    Ru [******]
Gold: 1215          SH: 11    Dex: 11    Spells: 15/15 levels left

rFire   . . .      SeeInvis +    R - +6 demon whip (venom)
rCold   + + .      Faith    +    l - +2 buckler {AC+3}
rNeg    + + +      Spirit   .    o - +9 scales of the Dragon King {rPois rF+ rC+ Will+}
rPois   ∞          Reflect  +    S - +0 hat {Will+}
rElec   .          Rampage  .    H - +0 cloak
rCorr   .                        I - +2 pair of gloves
Will    +++..                    g - +2 pair of boots Stlth
                                 X - amulet of reflection
HPRegen 0.38/turn                O - ring "Qozidass" {rN+ Str+3 Slay+4 SInv}
MPRegen 0.15/turn                r - +6 ring of dexterity

@: exhausted, heavily drained
A: clumsy 1, cold resistance 1, negative energy resistance 3, torment resistance
2, heat vulnerability 1, no stealth, hated by all, inability to train dodging,
inexperienced 2, in touch with death 2, no potions, faith
a: Renounce Religion, Draw Out Power, Power Leap, Apocalypse


You were on level 1 of the Spider Nest.
You worshipped Ru.
Ru was exalted by your worship.
You visited 5 branches of the dungeon, and saw 25 of its levels.
You also visited: Ossuary and Ice Cave.

You collected 2338 gold pieces.
You spent 1123 gold pieces at shops.

Inventory:

Hand Weapons
 a - a -1 mace of flaming
 c - a +2 battleaxe of electrocution
 f - the +7 morningstar of Imminent Death {speed, rCorr Str-4 SInv}
   (You took it off a deep elf pyromancer on level 15 of the Dungeon)

   Str:       It affects your strength (-4).
   SInv:      It lets you see invisible.
   rCorr:     It protects you from acid and corrosion.
 n - a +0 flail
 t - the +5 sling "Mein" {freeze, Dex+3}
   (You found it on level 7 of the Dungeon)

   Dex:       It affects your dexterity (+3).
 B - a +3 dire flail
 R - a +6 demon whip of venom (weapon)
Missiles
 i - 144 stones
 s - 24 boomerangs
 w - 4 javelins
 x - 38 poisoned darts (quivered)
 L - a throwing net
Armour
 g - a +2 pair of boots (worn)
 l - a +2 buckler of protection (worn)
 o - the +9 scales of the Dragon King (worn) {rPois rF+ rC+ Will+}
   (You took it off a hobgoblin on level 4 of the Dungeon)

   rF:        It protects you from fire.
   rC:        It protects you from cold.
   rPois:     It protects you from poison.
   Will:      It increases your willpower.
 H - a +0 cloak (worn)
 I - a +2 pair of gloves (worn)
 K - a +2 kite shield of cold resistance
 Q - a +1 tower shield of cold resistance
 S - a +0 hat of willpower (worn)
Jewellery
 b - a ring of ice
 r - a +6 ring of dexterity (right hand)
 v - a ring of protection from cold
 A - a ring of see invisible
 C - a ring of protection from cold
 N - a ring of flight
 O - the ring "Qozidass" (left hand) {rN+ Str+3 Slay+4 SInv}
   (You acquired it on level 3 of the Lair of Beasts)

   [ring of slaying]

   Str:       It affects your strength (+3).
   Slay:      It affects your accuracy & damage with ranged weapons and melee
   (+4).
   rN:        It protects you from negative energy.
   SInv:      It lets you see invisible.
 U - the amulet "Fahacsa" {Spirit Harm Will- Slay+3}
   (You found it on level 4 of the Lair of Beasts)

   [amulet of guardian spirit]

   It causes incoming damage to be divided between your reserves of health and
   magic.
   Slay:      It affects your accuracy & damage with ranged weapons and melee
   (+3).
   Harm:      It increases damage dealt and taken.
   Will:      It decreases your willpower.
 W - an amulet of the acrobat
 X - an amulet of reflection (around neck)
Wands
 E - a wand of roots (13)
 F - a wand of polymorph (8)
 G - a wand of flame (51)
 J - a wand of acid (5)
 P - a wand of digging (5)
 T - a wand of mindburst (15)
Scrolls
 d - 2 scrolls of enchant armour
 e - 3 scrolls of fog
 h - 7 scrolls of immolation
 j - 10 scrolls of teleportation
 k - 2 scrolls of silence
 m - a scroll of noise
 p - 3 scrolls of vulnerability
 q - 5 scrolls of blinking
 u - 9 scrolls of identify
 y - a scroll of amnesia
 z - 2 scrolls of poison
 D - 2 scrolls of torment
Miscellaneous
 M - a tin of tremorstones (inert)
 V - a lightning rod (2/4)


   Skills:
 * Level 16.4 Fighting
 - Level 14.0 Maces & Flails
 + Level 12.6 Armour
 - Level 4.0 Shields
 - Level 1.3 Spellcasting
 - Level 2.4 Fire Magic
 + Level 9.9 Evocations


You had 15 spell levels left.
You didn't know any spells.
Your spell library contained the following spells:

 Spells                   Type           Power      Damage    Failure   Level
 Scorch                   Fire           14%        2d5       99%         2
 Freeze                   Ice            0%         1d3       100%        1
 Necrotise                Necr           8%         1d4       100%        1
 Ensorcelled Hibernation  Hex/Ice        0%         N/A       100%        2
 Passwall                 Tmut/Erth      0%         N/A       100%        2
 Frozen Ramparts          Ice            0%         1d1       100%        3
 Hailstorm                Conj/Ice       0%         3d3       100%        3
 Stone Arrow              Conj/Erth      0%         3d7       100%        3
 Swiftness                Air            0%         N/A       100%        3
 Vampiric Draining        Necr           2%         2d6       100%        3
 Vhi's Electric Charge    Tloc/Air       0%         N/A       100%        3
 Flame Wave               Conj/Fire      4%         2d5       100%        4
 Manifold Assault         Tloc           0%         N/A       100%        4
 Passage of Golubria      Tloc           0%         N/A       100%        4
 Agony                    Necr           2%         N/A       100%        5
 Arcjolt                  Conj/Air       0%         1d10      100%        5
 Yara's Violent Unravell  Hex/Tmut       0%         3d3       100%        5
 Dispersal                Tloc           0%         N/A       100%        6
 Plasma Beam              Fire/Air       2%         2x1d13    100%        6
 Disjunction              Tloc           0%         N/A       100%        8
 Lehudib's Crystal Spear  Conj/Erth      0%         10d2      100%        8
 Tukima's Dance           Hex            Unusable   N/A       N/A         3
 Animate Armour           Summ/Erth      Unusable   N/A       N/A         4
 Ice Form                 Ice/Tmut       Unusable   N/A       N/A         4
 Summon Ice Beast         Ice/Summ       Unusable   N/A       N/A         4
 Summon Mana Viper        Hex/Summ       Unusable   N/A       N/A         5
 Summon Cactus Giant      Summ           Unusable   N/A       N/A         6
 Monstrous Menagerie      Summ           Unusable   N/A       N/A         7

Dungeon Overview and Level Annotations

Branches:
Dungeon (15/15)            Temple (1/1) D:5            Lair (5/5) D:9
 Shoals (0/4) Lair:2       Spider (2/4) Lair:3        Slime (0/5) Lair:4
    Orc (2/2) D:12            Elf (0/3) Orc:2        Vaults (0/5) D:13
 Depths (0/4) D:15        Ossuary (visited)           IceCv (visited)

Altars:
Ashenzari
Cheibriados
Dithmenos
Gozag
Kikubaaqudgha
Makhleb
Nemelex Xobeh
Okawaru
Qazlal
Ru
Sif Muna
Trog
Uskayaw
Vehumet
Wu Jian
Xom

Shops:
D:4 ([(:   D:6 *   D:10 *   D:11 ?   D:12 :   Orc:2 *=*(

Portals:
Hell: Lair:5
Pandemonium: Orc:2

Annotations:
Lair:1 1 runed translucent door, themarg's ghost, journeyman DsCA
Lair:4 2 runed translucent doors, exclusion: oklob plant, Rapp's ghost, journeyman MeRe
Spider:2 Arachne


Innate Abilities, Weirdness & Mutations

You are immune to poison.
You are clumsy. (Dex -2)
Your flesh is cold resistant. (rC+)
You are immune to negative energy. (rN+++)
You are immune to unholy pain and torment.
You are vulnerable to heat. (rF-)
You cannot be stealthy.
You are hated by all.
You cannot train Dodging skill.
You are inexperienced. (-2 XL)
You are strongly in touch with the powers of death.
You do not drink.
You have a special connection with the divine. (Faith)


Message History

The torpor snail simulacrum bites you but does no damage.
You hit the torpor snail simulacrum.
The torpor snail simulacrum is almost destroyed.
You thrash the torpor snail simulacrum!!
The torpor snail simulacrum vaporises!
A boulder beetle comes into view.
You regained 2 hp, and now have 17/113 hp.
Found 8 stones.
A pharaoh ant comes into view.
The pharaoh ant gives a chilling moan.
A demonic crawler comes into view.
Arachne the Weaver comes into view.
She is wielding a staff of poison.
Arachne shouts!
The demonic crawler gives a hideous shriek!
A redback comes into view.
The boulder beetle leaps!
Arachne begins to cast a spell, but is stunned by your conviction!
A redback comes into view.
Arachne mumbles some strange words.
Arachne blinks!
You block the pharaoh ant's attack. You block the demonic crawler's attack.
The demonic crawler hits you.
* * * LOW HITPOINT WARNING * * *
The demonic crawler hits you but does no damage.
The pharaoh ant bites you but does no damage.
There is a stone staircase leading up here.
The demonic crawler hits you but does no damage.
You block the demonic crawler's attack. The demonic crawler hits you!
* * * LOW HITPOINT WARNING * * *
The redback bites you but does no damage.
You block the pharaoh ant's attack.
You climb upwards.
There is a stone staircase leading down here.
You take 7 damage, and have 12/113 hp.
You barely miss the demonic crawler.
The demonic crawler hits you but does no damage.
You block the demonic crawler's attack. The demonic crawler hits you.
* * * LOW HITPOINT WARNING * * *
The pharaoh ant bites you!!
You die...

##..###....##....
####.....##.....
#......#......
##.....###....#
#.....##......#
####.....#.......#
##^.#######.......#
#sB.......#########
#^@................
##.^...............
###...............
#.......##......†
#................
##########....###
#.............#..
##................
#.!...........#...


You could see a demonic crawler and a pharaoh ant.

Vanquished Creatures
  Nikola (Spider:1)
  A fenstrider witch (shapeshifter) (D:15)
  A ghost moth (Spider:1)
  An orc warlord (Orc:2)
  3 reapers (IceCv)
  A spark wasp (Spider:2)
  2 ettins (Orc:2)
  An entropy weaver (Spider:1)
  5 hydras
  2 ice dragons (D:15)
  Harold (Lair:1)
  2 catoblepae
  A caustic shrike simulacrum (IceCv)
  2 demonspawn (Orc:2)
  2 dancing weapons (D:13)
  5 two-headed ogres
  4 boulder beetles
  A death yak (Lair:4)
  A death knight (D:14)
  6 orc high priests (Orc:2)
  2 tengu warriors (D:15)
  A soul eater (Orc:2)
  A sun demon (Lair:5)
  3 skysharks
  4 pharaoh ants
  4 orb spiders
  A bog body (IceCv)
  2 deep elf pyromancers
  An obsidian statue (IceCv)
  2 spriggan simulacra (IceCv)
  3 steelbarb worms (Spider:1)
  A wizard (Lair:5)
  An orange crystal statue (IceCv)
  7 orc sorcerers
  2 wolf spiders (Spider:1)
  5 manticores
  5 orc knights
  5 cyclopes
  A necromancer (Lair:3)
  12 ugly things
  14 elephants
  2 ice statues (Spider:2)
  A demonic crawler (Spider:2)
  2 black mambas
  3 torpor snails
  A gargoyle (D:12)
  15 cane toads
  2 kobold demonologists
  3 unseen horrors
  4 orange demons
  4 rime drakes
  10 freezing wraiths
  5 yaktaurs (D:15)
  Maggie (D:10)
  10 komodo dragons
  8 ice devils
  3 anaconda simulacra (IceCv)
  A merfolk (Lair:2)
  3 polar bears
  7 blink frogs
  Prince Ribbit (D:7)
  2 hellwings
  A hornet (D:10)
  6 trolls
  Grinder (D:3)
  11 tarantellas
  9 culicivoras
  8 jumping spiders
  5 wraiths
  15 slime creatures
  6 water elementals
  Eustachio (D:4)
  A shadow (D:12)
  Grum (D:8)
  2 wyverns
  39 yaks
  2 minotaur simulacra (IceCv)
  19 fire elementals
  A basilisk (Lair:5)
  3 steam dragons
  2 vampire mosquitoes (D:13)
  5 acid dragons
  16 redbacks
  5 wargs
  3 harpy simulacra
  5 hell hounds (Lair:5)
  12 water moccasins
  Pargi (D:4)
  A black bear (D:8)
  4 ice beasts
  29 orc warriors
  A sky beast (D:8)
  21 wolves
  3 elephant zombies (Lair:3)
  3 ogres
  2 centaurs
  A phantom (D:5)
  2 kobold brigands
  An elf zombie (Ossuary)
  9 bullfrogs
  A scorpion (D:7)
  2 deep troll simulacra (IceCv)
  7 wights
  A lindwurm simulacrum (IceCv)
  7 howler monkeys
  8 electric eels
  4 centaur zombies (Ossuary)
  3 hounds (D:5)
  7 jellies (Lair:4)
  2 basilisk zombies (Lair:3)
  A gnoll bouda (Orc:1)
  28 orc priests
  5 iguanas
  15 orc wizards
  A sleepcap (D:5)
  Natasha (thrice) (D:4)
  6 hell rats (Lair:1)
  2 mummies (Ossuary)
  7 adders
  4 gnolls (Orc:1)
  A white imp (D:7)
  2 ufetubi
  4 worms
  A dart slug (D:3)
  73 orcs
  10 endoplasms
  3 giant cockroaches
  10 goblins
  6 hobgoblins
  13 jackals
  5 quokkas
  9 ball pythons
  11 bats
  5 frilled lizards
  3 goblin zombies
  9 hobgoblin zombies (Ossuary)
  A jackal zombie (Ossuary)
  14 kobolds
  11 kobold zombies (Ossuary)
  7 orc zombies (Ossuary)
  4 rats
  3 rat zombies (Ossuary)
784 creatures vanquished.

Vanquished Creatures (collateral kills)
  A catoblepas (Lair:4)
  Amaemon (Lair:3)
  An orange demon (Lair:3)
  A blink frog (Lair:3)
  5 yaks
  An orc (Orc:2)
10 creatures vanquished.

Vanquished Creatures (others)
  A hydra (Lair:5)
  An orc high priest (Orc:2)
  An orc knight (Orc:2)
  A wolf spider (Spider:1)
  A gargoyle (D:14)
  A jumping spider (Spider:2)
  2 orc warriors
  A wolf (Lair:2)
  A deep troll simulacrum (IceCv)
  A hornet simulacrum (D:15)
  An orc (D:15)
  37 foxfires
  19 fungi
  20 plants
88 creatures vanquished.

Grand Total: 882 creatures vanquished

Notes
Turn   | Place    | Note
-------+----------+-------------------------------------------
     0 | D:1      | jasper the Mummy Cinder Acolyte began the quest for the
                  | Orb.
     0 | D:1      | Reached XP level 1. HP: 18/18 MP: 2/2
   147 | D:1      | Reached XP level 2. HP: 24/24 MP: 4/4
   759 | D:1      | Gained mutation: You are in touch with the powers of death.
                  | [Mummy growth]
   759 | D:1      | Reached XP level 3. HP: 26/29 MP: 5/5
  2225 | D:3      | Reached XP level 4. HP: 32/36 MP: 6/6
  2355 | D:3      | Reached skill level 1 in Armour
  2601 | D:3      | Reached XP level 5. HP: 42/42 MP: 7/7
  2695 | D:3      | Reached skill level 4 in Fighting
  2869 | D:3      | Noticed Grinder
  2877 | D:3      | Killed Grinder
  2878 | D:3      | Reached XP level 6. HP: 44/49 MP: 8/8
  2924 | D:4      | Found Fyskus's Weapon Shop.
  2931 | D:4      | Noticed Pargi
  2937 | D:4      | Killed Pargi
  2938 | D:4      | Reached skill level 5 in Maces & Flails
  3032 | D:4      | Found Wumi's Antique Armour Shop.
  3034 | D:4      | Found a radiant altar of Vehumet.
  3034 | D:4      | Found Bono's Weapon Boutique.
  3316 | D:4      | Found a basalt altar of Yredelemnul.
  3318 | D:4      | Noticed Eustachio
  3332 | D:4      | Killed Eustachio
  3333 | D:4      | Reached skill level 5 in Fighting
  3333 | D:4      | Reached XP level 7. HP: 44/56 MP: 9/9
  3453 | D:4      | Found a broken altar of Ashenzari.
  3535 | D:4      | Found Suih Utrei's Book Shop.
  3592 | D:4      | Noticed Natasha
  3601 | D:4      | Killed Natasha
  3875 | D:4      | Found a shimmering blue altar of Sif Muna.
  3879 | D:4      | Found a burning altar of Makhleb.
  3950 | D:4      | Noticed Natasha
  3959 | D:4      | Killed Natasha
  3975 | D:5      | Entered Level 5 of the Dungeon
  4000 | D:5      | Upgraded the game from 0.30-a0-1114-gd936c97349 to
                  | 0.30-a0-1116-gebefce21f7
  4387 | D:5      | Reached XP level 8. HP: 39/63 MP: 10/10
  4917 | D:5      | Found a shadowy altar of Dithmenos.
  4991 | D:5      | Found a staircase to the Ecumenical Temple.
  5466 | D:6      | Found Gin Paho's Lightly-Used Armoury.
  5474 | D:5      | Reached skill level 6 in Fighting
  6428 | D:6      | Found an opulent altar of Gozag.
  6429 | D:6      | Found a sparkling altar of Nemelex Xobeh.
  6662 | D:7      | Noticed Prince Ribbit
  6684 | D:7      | Identified the +5 sling "Mein" {freeze, Dex+3}
  6693 | D:7      | Killed Prince Ribbit
  6694 | D:7      | Reached XP level 9. HP: 42/71 MP: 11/11
  6871 | D:7      | Reached skill level 7 in Fighting
  7159 | D:8      | Noticed Grum
  7161 | D:8      | Found a sand-covered staircase.
  7183 | D:8      | Reached skill level 5 in Armour
  7218 | D:8      | Killed Grum
  7219 | D:8      | HP: 1/72 [acid dragon/splash of acid (17)]
  7223 | Ossuary  | Entered an ossuary
  7967 | D:8      | Found an ornate altar of the Wu Jian Council.
  8128 | D:8      | Reached XP level 10. HP: 75/80 MP: 12/12
  8188 | D:8      | Reached skill level 8 in Fighting
  8378 | D:8      | Found a bloodstained altar of Trog.
  8378 | D:8      | Found an iron altar of Okawaru.
  8503 | D:8      | Found a hazy altar of Hepliaklqana.
  9092 | D:9      | Found a staircase to the Lair.
  9329 | D:9      | Reached skill level 10 in Maces & Flails
  9445 | D:9      | Noticed a two-headed ogre
  9452 | D:9      | Killed a two-headed ogre
  9489 | D:9      | Noticed a sixfirhy
  9498 | D:9      | Noticed a sun demon
  9499 | D:9      | Noticed a soul eater
  9848 | D:10     | Entered Level 10 of the Dungeon
 10390 | D:10     | Found Hedinup's Overcharged Wands.
 10391 | D:10     | Noticed a two-headed ogre
 10406 | D:10     | Killed a two-headed ogre
 10415 | D:10     | Reached XP level 11. HP: 30/86 MP: 13/13
 10766 | D:4      | Noticed Natasha
 10774 | D:4      | Killed Natasha
 10784 | D:4      | Bought a cloak for 135 gold pieces
 10784 | D:4      | Bought a pair of embroidered gloves for 225 gold pieces
 11107 | D:10     | Noticed Maggie
 11123 | D:10     | Killed Maggie
 11583 | D:11     | You fall into a shaft and drop 2 floors!
 11609 | D:13     | Noticed a catoblepas
 11623 | D:13     | Killed a catoblepas
 11854 | D:12     | Found Wier's Book Shop.
 12139 | D:11     | Identified the +1 leather armour of the Game of Life {rN++}
 12192 | D:11     | Noticed a green ugly thing
 12200 | D:11     | Killed a green ugly thing
 12587 | D:11     | Noticed a two-headed ogre
 12599 | D:11     | Killed a two-headed ogre
 12917 | D:11     | Noticed a white ugly thing
 12928 | D:11     | Killed a white ugly thing
 12995 | D:11     | Found Ommiw's Magic Scroll Boutique.
 13003 | D:11     | Bought a scroll of blinking for 97 gold pieces
 13003 | D:11     | Bought a scroll of teleportation for 39 gold pieces
 13318 | Lair:1   | Entered Level 1 of the Lair of Beasts
 13500 | Temple   | Entered the Ecumenical Temple
 13639 | Temple   | Fell from the grace of Ignis
 13639 | Temple   | Became a worshipper of Ru the Awakened
 13903 | Lair:1   | Reached XP level 12. HP: 76/92 MP: 14/14
 14569 | Lair:1   | Noticed Harold
 14578 | Lair:1   | Killed Harold
 14685 | Lair:1   | Found a runed translucent door.
 14686 | Lair:1   | Noticed themarg's ghost (journeyman DsCA)
 14688 | Lair:1   | Identified the +9 spear of Lafun {venom, Will+ MP+9}
 15154 | Lair:2   | Reached skill level 1 in Evocations
 15631 | Lair:2   | Gained mutation: You are somewhat inexperienced. (-1 XL)
                  | [Ru sacrifice]
 15631 | Lair:2   | Reached XP level 11. HP: 87/87 MP: 13/13
 15631 | Lair:2   | Reached * piety under Ru
 16144 | Lair:2   | Found a staircase to the Shoals.
 16634 | Lair:2   | You fall into a shaft and drop 2 floors!
 16685 | Lair:4   | Reached skill level 9 in Fighting
 16828 | Lair:4   | Found a large runed translucent door.
 16828 | Lair:4   | Found a large runed translucent door.
 16829 | Lair:4   | Noticed Rapp's ghost (journeyman MeRe)
 16895 | Lair:3   | Identified a scroll of acquirement
 16896 | Lair:3   | Acquired the ring "Qozidass" {rN+ Str+3 Slay+4 SInv}
 17227 | Lair:3   | You fall into a shaft and drop 2 floors!
 17227 | Lair:5   | Entered Level 5 of the Lair of Beasts
 17466 | Lair:5   | Reached XP level 12. HP: 96/96 MP: 14/14
 17627 | Lair:5   | Gained mutation: You are clumsy. (Dex -2) [Ru sacrifice]
 17627 | Lair:5   | Reached ** piety under Ru
 17752 | Lair:4   | Reached skill level 10 in Fighting
 17789 | Lair:4   | Reached skill level 5 in Evocations
 18365 | Lair:3   | Found a hole to the Spider Nest.
 18580 | Lair:3   | Identified the +6 quarterstaff "Qiumerig" {freeze, rCorr
                  | Str-5 Int+3 Dex+3}
 18649 | Lair:3   | Was forgiven by Ignis
 18959 | Lair:3   | Noticed Amaemon
 18967 | Lair:3   | Killed Amaemon
 18979 | Lair:3   | Reached skill level 10 in Armour
 19653 | Lair:4   | Identified the +3 leather armour "Tuxtis" {Harm}
 19872 | Lair:4   | Found a staircase to the Slime Pits.
 19874 | Lair:4   | Found a viscous altar of Jiyva.
 19894 | Lair:4   | Reached skill level 11 in Fighting
 20344 | Lair:4   | Gained mutation: You cannot train Dodging skill. [Ru
                  | sacrifice]
 20344 | Lair:4   | Reached *** piety under Ru
 20413 | Lair:4   | Identified the amulet "Fahacsa" {Spirit Harm Will- Slay+3}
 21389 | Lair:5   | Gained mutation: You are strongly in touch with the powers
                  | of death. [Mummy growth]
 21389 | Lair:5   | Reached XP level 13. HP: 96/107 MP: 15/15
 21457 | Lair:5   | Found a burning altar of Makhleb.
 21484 | Lair:5   | Reached skill level 12 in Fighting
 21704 | Lair:5   | Found a gateway to Hell.
 21870 | Lair:5   | Gained mutation: You cannot be stealthy. [Ru sacrifice]
 22673 | D:12     | Found a staircase to the Orcish Mines.
 22990 | Orc:1    | Entered Level 1 of the Orcish Mines
 23565 | Orc:2    | Entered Level 2 of the Orcish Mines
 23934 | Orc:2    | Found Udghapp's General Store.
 23949 | Orc:2    | Found Finaraosm's General Store.
 23986 | Orc:2    | Gained mutation: You are inexperienced. (-2 XL) [Ru
                  | sacrifice]
 23986 | Orc:2    | Reached XP level 12. HP: 52/99 MP: 14/14
 23986 | Orc:2    | Reached **** piety under Ru
 23986 | Orc:2    | Reached ***** piety under Ru
 24218 | Orc:2    | Bought a lightning rod (4/4) for 480 gold pieces
 24220 | Orc:2    | Bought a scroll of blinking for 105 gold pieces
 24220 | Orc:2    | Bought a scroll of teleportation for 42 gold pieces
 24293 | Orc:2    | Reached skill level 13 in Fighting
 24761 | Orc:2    | Found Leysim's Antique Weapon Shop.
 24761 | Orc:2    | Found Wirulud's Jewellery Boutique.
 24762 | Orc:2    | Found a one-way gate leading to the halls of Pandemonium.
 24939 | Orc:2    | Noticed an orc warlord
 24972 | Orc:2    | Killed an orc warlord
 25329 | Orc:2    | Found a staircase to the Elven Halls.
 25642 | D:13     | Reached skill level 14 in Fighting
 26361 | D:13     | Found a gate to the Vaults.
 26369 | D:13     | Reached XP level 13. HP: 103/113 MP: 15/15
 27694 | D:15     | Entered Level 15 of the Dungeon
 28082 | D:15     | Gained mutation: You are hated by all. [Ru sacrifice]
 28082 | D:15     | Reached ****** piety under Ru
 28351 | D:15     | Identified the +7 morningstar of Imminent Death {speed,
                  | rCorr Str-4 SInv}
 28481 | D:15     | Found a shadowy altar of Dithmenos.
 28515 | D:15     | Reached skill level 1 in Shields
 28519 | D:15     | an eleionoma changed into a fenstrider witch
 28519 | D:15     | Noticed a fenstrider witch (shapeshifter)
 28523 | D:15     | Killed a fenstrider witch
 29593 | D:15     | Found a staircase to the Depths.
 30157 | Spider:1 | Entered Level 1 of the Spider Nest
 30192 | Spider:1 | Reached skill level 15 in Fighting
 31242 | Spider:1 | Noticed Nikola
 31258 | Spider:1 | Killed Nikola
 31570 | Spider:2 | Found a frozen archway.
 31601 | IceCv    | Entered an ice cave
 31883 | IceCv    | Reached XP level 14. HP: 32/118 MP: 7/16
 31890 | IceCv    | Reached skill level 16 in Fighting
 32656 | Spider:2 | Noticed Arachne
 32661 | Spider:1 | Mangled by a pharaoh ant

Illustrated notes

Levels and vault maps discovered:
D:1:      dpeg_arrival_oval, layout_basic, minmay_cupped
D:2:      layout_basic, serial_curves, eino_curves_04, eino_curves_01
D:3:      layout_loops_ring, kennysheep_generic_room_10, uniq_grinder
D:4:      layout_basic, kennysheep_ying_yang, ashenzari_conservatory_becter,
          minitemple, serial_shops, shop_statue, shop, shop_statue,
          nicolae_shop_bloodbath_and_beyond, uniq_eustachio, uniq_natasha,
          uniq_pargi
D:5:      layout_layer_cave, kennysheep_mini_moat,
          minmay_temple_entry_antechambers
D:6:      layout_basic, grunt_temple_overflow_opulence, eino_tiny_chamber,
          minmay_shop_damaged
D:7:      layout_rooms, mainiacjoe_overflow_tiny_flanked, uniq_prince_ribbit1
D:8:      cheibrodos_steamvent, layout_cave_pools,
          grunt_temple_overflow_bloody_war, lemuel_crystal_altar,
          mainiacjoe_overflow_concentric_impassable,
          mainiacjoe_overflow_surrounded_room, enter_ossuary_4,
          grunt_decor_arrowhead, uniq_grum
D:9:      layout_grid_maze, dpeg_oklobed_lair
D:10:     layout_loops_ring, minmay_strange_pillars,
          nicolae_shop_overcharged_wands, uniq_maggie
D:11:     layout_basic, serial_shops, nicolae_shop_advertising_works
          [nicolae_subvault_shop_adworks]
D:12:     layout_stronghold, erik_orc_4, serial_shops, shop
D:13:     layout_roguey, erik_vaults_1
D:14:     layout_stronghold, chequers_serial_rivers_micro_d,
          nicolae_underground_beach
D:15:     grunt_enter_depths_hoard, layout_stronghold,
          nicolae_dithmenos_shadow_blocks, minmay_quadrilaterals
Temple:   nicolae_temple_superstar
Lair:1:   layout_loops_ring, ebering_ghost_funeral_grove, uniq_harold
Lair:2:   layout_cave_pods, elwin_shoals_entry_rooms, serial_bayou_pond_b,
          grunt_megastairs_5
Lair:3:   pond_and_an_island_with_a_cottage, layout_cave_pods,
          nicolae_spider_entry_lesser_pyramids, chequers_serial_rivers_micro_b,
          chequers_serial_rivers_micro_b, uniq_amaemon
Lair:4:   lemuel_slime, layout_hall_layers, minmay_slime_entry_pillars,
          ebering_ghost_disaster_area, nicolae_lair_yak_garden
Lair:5:   evil_forest, layout_small_grid
Spider:1: layout_spider_delve, nicolae_spider_twisty_arc_passages, uniq_nikola
Spider:2: layout_spider_delve, portal_ice_cave_entry_ice_statue_two, drop_trap,
          hangedman_spider_tarantella_strand, uniq_arachne
Orc:1:    layout_diamond_mine
Orc:2:    pf_orc_diabolical, layout_caves

Skill      XL: |  1  2  3  4  5  6  7  8  9 10 11 12 13 14 |
---------------+-------------------------------------------+-----
Maces & Flails | 3 4 5 6 7 9 11 13 14 | 14.0
Armour         | 1 2 3 4 5 7 9 10 12 | 12.6
Fighting       | 4 5 6 7 8 9 14 15 16 | 16.4
Evocations     | 4 8 9 |  9.9
Shields        | 4 |  4.0
Spellcasting   | |  1.3
Fire Magic     | |  2.4

Action                     |  1- 3 |  4- 6 |  7- 9 | 10-12 | 13-15 || total
---------------------------+-------+-------+-------+-------+-------++-------
  Melee: Mace              |   190 |   129 |   573 |       |       ||   892
         Punch             |     1 |       |     6 |    12 |     6 ||    25
         Dire flail        |       |       |    55 |  1133 |       ||  1188
         Demon whip        |       |       |       |   530 |   969 ||  1499
   Fire: Sling             |       |       |     9 |       |       ||     9
  Throw: Dart              |       |       |     9 |     2 |     7 ||    18
 Invoke: Fiery Armour      |     3 |     4 |     3 |     1 |       ||    11
         Foxfire Swarm     |       |       |     1 |     1 |       ||     2
         Sacrifice Experie |       |       |       |     2 |       ||     2
         Sacrifice Purity  |       |       |       |     1 |       ||     1
         Sacrifice Nimblen |       |       |       |     1 |       ||     1
         Reject Sacrifices |       |       |       |     1 |       ||     1
         Draw Out Power    |       |       |       |       |     4 ||     4
         Apocalypse        |       |       |       |       |     3 ||     3
         Sacrifice Stealth |       |       |       |       |     1 ||     1
         Sacrifice Love    |       |       |       |       |     1 ||     1
  Evoke: Wand              |       |       |       |    15 |     9 ||    24
         Tin of tremorston |       |       |       |     7 |     7 ||    14
         Lightning rod     |       |       |       |     7 |     9 ||    16
         Box of beasts     |       |       |       |     3 |     1 ||     4
         Phantom mirror    |       |       |       |     2 |     1 ||     3
    Use: Scroll            |     3 |       |     6 |     6 |     8 ||    23
   Stab: Petrified         |       |       |       |    13 |       ||    13
         Invisible         |       |       |       |     1 |     8 ||     9
         Distracted        |       |       |       |     1 |     4 ||     5
         Petrifying        |       |       |       |     1 |       ||     1
         Paralysed         |       |       |       |       |     1 ||     1
 Armour: Robe              |    60 |       |       |       |       ||    60
         Leather armour    |    19 |    11 |       |       |       ||    30
         Scale mail        |       |    44 |       |       |       ||    44
         Gold dragon scale |       |    46 |   714 |  1164 |   692 ||  2616
         Troll leather arm |       |    10 |       |       |       ||    10
  Dodge: Dodged            |   162 |    60 |    96 |   251 |   181 ||   750
  Block: Buckler           |       |       |       |       |   143 ||   143

Table legend: (Time is in decaauts)
 A = Elapsed time spent in this place.
 B = Non-inter-level travel time spent in this place.
 C = Inter-level travel time spent in this place.
 D = Time resting spent in this place.
 E = Time spent auto-exploring this place.
 F = Levels seen in this place.
 G = Mean time per level.
                   A        B        C        D        E       F      G
               +--------+--------+--------+--------+--------+-----+--------+
         Total |  31668 |  29772 |   1896 |   3665 |  19348 |  27 | 1172.9 |
       Dungeon |  17897 |  16450 |   1447 |   1785 |  10638 |  15 | 1193.1 |
        Temple |    152 |    115 |     37 |      0 |    106 |   1 |  152.0 |
          Lair |   8216 |   7943 |    273 |    916 |   5550 |   5 | 1643.2 |
   Spider Nest |   1530 |   1505 |     25 |    116 |   1047 |   2 |  765.0 |
  Orcish Mines |   2438 |   2327 |    111 |    497 |   1364 |   2 | 1219.0 |
       Ossuary |    598 |    598 |      0 |    216 |    155 |   1 |  598.0 |
      Ice Cave |    833 |    833 |      0 |    135 |    487 |   1 |  833.0 |
               +--------+--------+--------+--------+--------+-----+--------+

Top non-repeatable levels by time:
    D:15: 2079 daAuts
  Lair:3: 1996 daAuts
  Lair:5: 1884 daAuts
   Orc:2: 1813 daAuts
     D:5: 1688 daAuts
  Lair:2: 1614 daAuts
  Lair:4: 1365 daAuts
  Lair:1: 1356 daAuts
    D:10: 1354 daAuts
Spider:1: 1308 daAuts
    D:11: 1251 daAuts
    D:14: 1237 daAuts
     D:6: 1228 daAuts
     D:2: 1144 daAuts
     D:4: 1139 daAuts
